AoeStats
← Calife Abu-bakr

Black Forest

506390823Analyzed
1v1 RM · 19d ago on Sep 13, 2026· 42m 5s· 2 players
Game mode
Random Map
Map size
Tiny (2 player)
Population
200
Speed
Normal
Resources
Standard
Victory
Conquest
Starting age
Dark Age
Ending age
Imperial Age
RankedLock teamsTeams togetherTeam positionsShared explorationLock speedFull tech treeHidden civsTurbo modeCheats
Victory
Defeat
🇲🇦 Bohemians · Morocco
776
+16
🇦🇷 Wu · Argentina
770
-16
lordnigthmare
10:51 Loom
13:41 Feudal Age
14:10 Arson
13:47 Man-at-Arms
26:01 Castle Age
Calife Abu-bakr
5:41 Loom
12:51 Feudal Age
13:29 Double-Bit Axe
13:26 Horse Collar
24:33 Castle Age
24:31 Padded Archer Armor
27:14 Chemistry
41:42 Fletching
42:11 Leather Archer Armor
Connection lost

Rejoining the realm…

Still unreachable

The connection could not be restored.

Session expired

The server has moved on; the page needs a fresh start.